 Dungeon Crawl Stone Soup version 0.30-a0-177-g1cb5dbfd7a (webtiles) character file.

Game seed: 12209673603732569354

896 KennySheep the Trooper (level 8, -3/126 HPs)
             Began as an Ogre Fighter on Oct 3, 2022.
             Was an Initiate of Gozag.
             Succumbed to a water moccasin's poison
             ... on level 6 of the Dungeon.
             The game lasted 00:10:36 (5281 turns).

KennySheep the Trooper (Ogre Fighter)               Turns: 5281, Time: 00:10:36

Health: -3/126     AC:  3    Str: 23    XL:     8   Next: 7%
Magic:  8/8        EV:  9    Int:  9    God:    Gozag
Gold:   364        SH:  7    Dex:  8    Spells: 7/7 levels left

rFire   . . .      SeeInvis .    a - +0 flail
rCold   . . .      Faith    .    c - +0 kite shield
rNeg    . . .      Spirit   .    b - +0 robe
rPois   .          Reflect  .    (helmet restricted)
rElec   .          Harm     .    (no cloak)
rCorr   .          Rampage  .    (gloves unavailable)
Will    .....      Clarity  +    (boots unavailable)
Stlth   ..........               (no amulet)
HPRegen 0.41/turn                (no ring)
MPRegen 0.11/turn                (no ring)

@: berserking, lethally poisoned (-3 -> -19), gold aura, hasted, very quick
A: large, unfitting armour, tough skin 1, clarity, subdued magic 1, MP-powered
wands
a: Renounce Religion, Potion Petition, Call Merchant, Bribe Branch


You were on level 6 of the Dungeon.
You worshipped Gozag.
Gozag was aware of your devotion.
You visited 2 branches of the dungeon, and saw 7 of its levels.

You collected 435 gold pieces.
You paid 71 gold pieces to Gozag.

Inventory:

Hand Weapons
 a - a +0 flail (weapon)
Missiles
 i - 8 poisoned darts (quivered)
 y - 5 atropa-tipped darts
Armour
 b - a +0 robe (worn)
 c - a +0 kite shield (worn)
Jewellery
 w - a ring of ice
Wands
 u - a wand of polymorph (3)
 x - a wand of acid (12)
 A - a wand of flame (15)
Scrolls
 d - a scroll of noise
 f - a scroll of magic mapping
 g - a scroll of blinking
 h - 3 scrolls of teleportation
 k - a scroll of fear
 l - 2 scrolls of immolation
 m - a scroll of silence
 o - 4 scrolls of brand weapon
 p - a scroll of identify
 q - a scroll of amnesia
 r - a scroll of enchant armour
 t - a scroll of poison
 v - a scroll of torment
 z - 2 scrolls of enchant weapon
Potions
 e - 3 potions of curing {unknown}


   Skills:
 + Level 6.5 Fighting
 * Level 5.3 Maces & Flails
 + Level 3.7 Throwing
 + Level 4.4 Dodging
 - Level 3.0 Shields


You had 7 spell levels left.
You didn't know any spells.
Your spell library contained the following spells:

 Spells                   Type           Power      Damage    Failure   Level
 Dazzling Flash           Conj/Hex       0%         N/A       95%         3
 Iskenderun's Mystic Bla  Conj/Tloc      0%         2d3       100%        4
 Starburst                Conj/Fire      0%         6d3       100%        6
 Borgnjor's Revivificati  Necr           0%         N/A       100%        8
 Necromutation            Tmut/Necr      0%         N/A       100%        8
 Death's Door             Necr           0%         N/A       100%        9


Dungeon Overview and Level Annotations

Branches:
Dungeon (6/15)             Temple (1/1) D:4

Altars:
Ashenzari
Dithmenos
Fedhas
Gozag
Makhleb
Nemelex Xobeh
Okawaru
Ru
Trog
Uskayaw
Xom
Yredelemnul
Zin

Shops:
D:4 [

Annotations:
D:3 2 transporters, valliere's ghost, amateur KoEn


Innate Abilities, Weirdness & Mutations

You are too large for most types of armour.
You have tough skin. (AC +1)
You possess an exceptional clarity of mind.
Your spells are a little easier to cast, but a little less powerful.
You expend magic power (3 MP) to strengthen your wands.


Message History

The water moccasin is heavily wounded.
You feel very sick.
The water moccasin completely misses you.
The water moccasin bites you.
You are more poisoned.
The water moccasin poisons you!
You hit the water moccasin.
The water moccasin is heavily wounded.
You feel extremely sick. The water moccasin bites you!
You are lethally poisoned!
The water moccasin poisons you!
It was a potion of haste.
You feel yourself speed up.
* * * LOW HITPOINT WARNING * * *
You feel extremely sick.
You block the water moccasin's attack. x2
It was a potion of mutation.
You feel extremely strange.
Your connection to magic feels subdued.
You feel your magical essence link to the dungeon's wands.
Your thoughts seem clearer.
* * * LOW HITPOINT WARNING * * *
You feel very sick. The water moccasin bites you!
* * * LOW HITPOINT WARNING * * *
It was a potion of berserk rage.
A red film seems to cover your vision as you go berserk!
You feel yourself moving faster!
You feel mighty!
* * * LOW HITPOINT WARNING * * *
You feel very sick. The water moccasin barely misses you.
You are too berserk!
You miss the water moccasin.
The water moccasin is heavily wounded.
* * * LOW HITPOINT WARNING * * *
You feel very sick. You block the water moccasin's attack.
You sock the water moccasin!
You kill the water moccasin!
You die...
Your body crumbles into a pile of gold.

.......#.#..##...#
.#
.......#.#.#.....#
.#
.......#.#....<..#
.#
.......#.###.#...#
##
.).........#.#...#
###.######.#.#...#
...............#
#..######.....#####
.......#@.......
.......#.$#####.
............
..............
.......#.#....#
####+#.#.#.#..#
#.#.#....# #
#.###.##


There were no monsters in sight!

Vanquished Creatures
  Grinder (D:4)
  A water moccasin (D:6)
  An ice beast (D:5)
  An ogre (D:5)
  A centaur (D:6)
  A phantom (D:5)
  A scorpion (D:4)
  An orc priest (D:4)
  2 iguanas (D:5)
  4 gnolls (D:4)
  9 adders
  A white imp (D:5)
  2 worms (D:1)
  2 dart slugs
  5 orcs
  7 ball pythons
  6 endoplasms
  4 giant cockroaches
  8 goblins
  4 hobgoblins
  6 jackals
  5 kobolds
  5 quokkas
  8 bats
  5 frilled lizards
  6 rats
97 creatures vanquished.

Notes
Turn   | Place    | Note
-------+----------+-------------------------------------------
     0 | D:1      | KennySheep the Ogre Fighter began the quest for the Orb.
     0 | D:1      | Reached XP level 1. HP: 24/24 MP: 1/1
   109 | D:1      | Reached XP level 2. HP: 32/32 MP: 2/2
   254 | D:1      | Reached skill level 1 in Throwing
   254 | D:1      | Reached XP level 3. HP: 31/40 MP: 3/3
   419 | D:1      | Found a faded altar of an unknown god.
  1055 | D:2      | Reached XP level 4. HP: 49/49 MP: 4/4
  1875 | D:3      | Noticed valliere's ghost (amateur KoEn)
  2177 | D:3      | Reached XP level 5. HP: 53/55 MP: 5/5
  2264 | D:3      | Found a transporter.
  2269 | D:3      | Found a transporter.
  2591 | D:4      | Found a staircase to the Ecumenical Temple.
  2637 | Temple   | Entered the Ecumenical Temple
  2970 | Temple   | Became a worshipper of Gozag Ym Sagoz the Greedy
  3027 | D:4      | Found a blossoming altar of Fedhas.
  3060 | D:4      | Reached skill level 5 in Fighting
  3370 | D:4      | Found Neulirha's Antique Armour Emporium.
  3596 | D:4      | Reached XP level 6. HP: 66/66 MP: 6/6
  3962 | D:4      | Found a basalt altar of Yredelemnul.
  4184 | D:4      | Noticed Grinder
  4204 | D:4      | Killed Grinder
  4205 | D:4      | Reached XP level 7. HP: 20/74 MP: 7/7
  4500 | D:5      | Entered Level 5 of the Dungeon
  4518 | D:5      | Reached skill level 6 in Fighting
  4938 | D:5      | Reached skill level 5 in Maces & Flails
  5147 | D:6      | Reached XP level 8. HP: 47/84 MP: 8/8
  5278 | D:6      | Gained mutation: Your spells are a little easier to cast,
                  | but a little less powerful. [potion of mutation]
  5278 | D:6      | Gained mutation: You expend magic power (3 MP) to
                  | strengthen your wands. [potion of mutation]
  5278 | D:6      | Gained mutation: You possess an exceptional clarity of
                  | mind. [potion of mutation]
  5279 | D:6      | HP: 5/126 [poisoned by a water moccasin]
  5280 | D:6      | HP: 1/126 [poisoned by a water moccasin]
  5281 | D:6      | Succumbed to a water moccasin's poison

Illustrated notes

Levels and vault maps discovered:
D:1:      minmay_arrival_plants_in_alcoves, layout_basic,
          ebering_ecumenical_altar_rust, nicolae_wormholes
D:2:      layout_rooms
D:3:      layout_loops_ring, gammafunk_ghost_mausoleum
D:4:      layout_basic, fedhas_altar_3, kennysheep_mini, temple_pool_b,
          serial_shops, nicolae_diamond_shop, abandoned_shop, uniq_grinder
D:5:      layout_loops_cross, hangedman_abyss_or_decor_stabs
D:6:      layout_basic, serial_shops, nicolae_shop_waterfront,
          lemuel_flamethrower_2
Temple:   minmay_temple_curvy_loop

Skill      XL: |  1  2  3  4  5  6  7 |
---------------+----------------------+-----
Maces & Flails | 2 3 4 5 |  5.3
Throwing       | 1 2 3 |  3.7
Dodging        | 3 4 |  4.4
Fighting       | 5 6 |  6.5
Shields        | |  3.0

Action                   |  1- 3 |  4- 6 |  7- 9 || total
-------------------------+-------+-------+-------++-------
Melee: Flail             |   152 |   190 |    67 ||   409
  Use: Scroll            |     2 |    10 |     2 ||    14
       Potion            |       |     1 |     3 ||     4
 Stab: Distracted        |       |       |     1 ||     1
Armor: Robe              |    59 |    54 |    16 ||   129
Dodge: Dodged            |    62 |    74 |    26 ||   162
Block: Kite shield       |    59 |    72 |    30 ||   161

Table legend: (Time is in decaauts)
 A = Elapsed time spent in this place.
 B = Non-inter-level travel time spent in this place.
 C = Inter-level travel time spent in this place.
 D = Time resting spent in this place.
 E = Time spent auto-exploring this place.
 F = Levels seen in this place.
 G = Mean time per level.
                   A        B        C        D        E       F      G
               +--------+--------+--------+--------+--------+-----+--------+
         Total |   5438 |   5257 |    181 |   1559 |   2599 |   7 |  776.9 |
       Dungeon |   5069 |   4922 |    147 |   1559 |   2404 |   6 |  844.8 |
        Temple |    369 |    335 |     34 |      0 |    195 |   1 |  369.0 |
               +--------+--------+--------+--------+--------+-----+--------+

Top non-repeatable levels by time:
     D:4: 1536 daAuts
     D:3: 1071 daAuts
     D:1: 832 daAuts
     D:2: 829 daAuts
     D:5: 468 daAuts
  Temple: 369 daAuts
     D:6: 331 daAuts
